 Dungeon Crawl Stone Soup version 0.31.0-11-ge490571c62 (webtiles) character file.

Game seed: 4956381943650742864

21 qw the Shooter (level 2, -2/14 HPs)
             Began as a Spriggan Hunter on Feb 3, 2024.
             Slain by Natasha (5 damage)
             ... on level 2 of the Dungeon.
             The game lasted 00:00:01 (812 turns).

qw the Shooter (Spriggan Hunter)                     Turns: 812, Time: 00:00:02

Health: -2/14      AC:  2    Str:  7    XL:     2   Next: 65%
Magic:  3/3        EV: 19    Int: 10    God:
Gold:   22         SH:  0    Dex: 18    Spells: 1/1 levels left

rFire   . . .        a - +0 shortbow
rCold   . . .        (shield currently unavailable)
rNeg    . . .        c - +0 robe
rPois   +            (helmet restricted)
rElec   .            (no cloak)
rCorr   .            (gloves unavailable)
SInv    +            (boots unavailable)
Will    .....        (no amulet)
Stlth   ++           i - ring of poison resistance
HPRegen 0.22/turn    (no ring)
MPRegen 0.08/turn

%: no passive effects
@: very quick
A: very small, no large weapons, unfitting armour, see invisible, speed 3
a: no special abilities


You were on level 2 of the Dungeon.
You visited 1 branch of the dungeon, and saw 2 of its levels.

You collected 22 gold pieces.


Innate Abilities, Weirdness & Mutations

You are very small and have problems with some larger weapons.
You are too small for most types of armour.
You have supernaturally acute eyesight. (SInv)
You cover ground extremely quickly. (Speed+++)


   Skills:
 - Level 1.5 Fighting
 + Level 4.2 Ranged Weapons
 - Level 4.0 Dodging
 - Level 1.5 Stealth


You had one spell level left.
You didn't know any spells.
Your spell library was empty.

Inventory:

Hand Weapons
 a - a +0 shortbow (weapon)
Armour
 c - a +0 robe (worn)
Jewellery
 i - a ring of poison resistance (left hand)
Potions
 d - a potion of mutation
 h - a potion of heal wounds {unknown}
 k - a potion of brilliance {unknown}

Dungeon Overview and Level Annotations

Branches:
Dungeon (2/15)

Altars:

Annotations:
D:2 Natasha


Message History

Your surroundings suddenly seem different.
Done exploring.
766 ||| DROPPING scroll of butterflies.
You drop a scroll of butterflies.
Done exploring.
767 ||| DROPPING potion of magic.
You drop a potion of magic.
Done exploring.
What level of the Dungeon? (default 1, ? - help)
You see here a +0 robe.
There is a stone staircase leading down here.
You climb downwards.
Found 6 gold pieces.
There is a stone staircase leading up here.
Waypoint 1 assigned to D:2.
Found a ring mail.
You now have 22 gold pieces (gained 6).
Natasha, Servant of Life and Death comes into view.
You shoot an arrow. The arrow hits Natasha.
Natasha hisses angrily.
Natasha is moderately wounded.
You shoot an arrow. The arrow hits Natasha.
Natasha is severely wounded.
You shoot an arrow. The arrow barely misses Natasha.
Natasha misses you.
You shoot an arrow. The arrow closely misses Natasha.
Natasha claws you!
Ouch! That really hurt!
Natasha closely misses you.
You shoot an arrow. The arrow barely misses Natasha.
Natasha claws you.
You shoot an arrow.
The arrow hits Natasha but does no damage.
Natasha is heavily wounded.
Natasha stares at you and mumbles some strange words.
You resist with some effort.
You shoot an arrow.
The arrow hits Natasha but does no damage.
Natasha is heavily wounded.
Natasha claws you.
You die...
Natasha curls up and begins to purr.

#.#.# ## #... ..#
#... .... ... #..
#.#####..... ...
#.....#.#.#[.....
......h...#......
.. #@## ...... #.
#..##......
###..#..#......
.............#
.###.#.....#.#
.......#..#.##
.........<....#
.............##
.###.#####.#.#


You could see Natasha.

Vanquished Creatures
  3 ball pythons (D:1)
  3 bats (D:1)
  An endoplasm (D:1)
  A giant cockroach (D:1)
  A goblin (D:1)
  4 hobgoblins (D:1)
  A quokka (D:1)
  A frilled lizard (D:1)
  A kobold (D:1)
  3 rats (D:1)
19 creatures vanquished.

Notes
Turn   | Place    | Note
-------+----------+-------------------------------------------
     0 | D:1      | qw the Spriggan Hunter began the quest for the Orb.
     0 | D:1      | Reached XP level 1. HP: 10/10 MP: 2/2
     0 | D:1      | 0 ||| qw: Version: 0.3-a-155-g5e7d8dd
     0 | D:1      | 0 ||| qw: Game counter: 3266
     0 | D:1      | 0 ||| qw: Melee chars always use a shield: true
     0 | D:1      | 0 ||| qw: God list: Okawaru
     0 | D:1      | 0 ||| qw: Allow faded altars: false
     0 | D:1      | 0 ||| qw: Do Orc after clearing Dungeon:15 true
     0 | D:1      | 0 ||| qw: Do second Lair branch before Depths: true
     0 | D:1      | 0 ||| qw: Lair rune preference: random
     0 | D:1      | 0 ||| qw: Goals: Normal
     0 | D:1      | 0 ||| PLANNING D:1-11
    58 | D:1      | Reached skill level 3 in Dodging
   121 | D:1      | Reached XP level 2. HP: 14/14 MP: 3/3
   657 | D:1      | 657 ||| UPGRADING to ring of poison resistance.
   658 | D:1      | 658 ||| READING 2 scrolls labelled RITOIMNUPHO.
   658 | D:1      | 658 ||| IDENTIFYING white potion
   659 | D:1      | 659 ||| READING scroll of identify.
   659 | D:1      | 659 ||| IDENTIFYING metallic coppery potion
   660 | D:1      | 660 ||| READING scroll labelled LAWKIC COICK.
   761 | D:1      | 761 ||| READING scroll labelled SIOFIZAEN.
   766 | D:1      | 766 ||| DROPPING scroll of butterflies.
   767 | D:1      | 767 ||| DROPPING potion of magic.
   805 | D:2      | Noticed Natasha
   810 | D:2      | HP: 2/14 [Natasha (3)]
   812 | D:2      | Slain by Natasha

Levels and vault maps discovered:
D:1:      dpeg_arrival_more_subterranean_lakeside_camping, layout_loops_ring
D:2:      layout_basic, uniq_sigmund, uniq_natasha

Skill      XL: |  1  2 |
---------------+-------+-----
Dodging        | 3 4 |  4.0
Fighting       | |  1.5
Ranged Weapons | |  4.2
Stealth        | |  1.5

Action                     || total
---------------------------++-------
   Fire: Shortbow          ||    49
    Use: Scroll            ||     4
 Armour: Robe              ||     6
  Dodge: Dodged            ||    12

Table legend:
 A = Non-vault XP
 B = Vault XP
 C = Vault XP percentage of total XP
 D = Non-vault monster count
 E = Vault monster count
 F = Vault count percentage of total count
                 A         B        C        D         E       F
            +---------+---------+-------+---------+---------+-------
      Total |      31 |       0 |   0.0 |      19 |       0 |   0.0
            +---------+---------+-------+---------+---------+-------
        D:1 |      31 |       0 |   0.0 |      19 |       0 |   0.0
            +---------+---------+-------+---------+---------+-------
